 Dungeon Crawl Stone Soup version 0.23.2-1-ga50397a6bc (webtiles) character file.

Game seed: 14572707381295416087

2435 Gargoyl the Agent of Entropy (level 9, -5/74 HPs)
             Began as a Centaur Abyssal Knight on Apr 17, 2019.
             Was a Priest of Lugonu.
             Slain by a wight
             ... wielding a +0 falchion
              (8 damage)
             ... on level 7 of the Dungeon.
             The game lasted 00:12:48 (8406 turns).

Gargoyl the Agent of Entropy (CeAK)                 Turns: 8406, Time: 00:12:49

Health: -5/74      AC: 12    Str: 16    XL:     9   Next: 24%
Magic:  14/14      EV:  6    Int: 11    God:    Lugonu [***...]
Gold:   337        SH:  3    Dex: 11    Spells: 8/8 levels left

rFire    . . .     SeeInvis .   s - +1 hand axe (flame)
rCold    + . .     Gourm    .   p - +0 buckler
rNeg     . . .     Faith    .   t - +1 scale mail {rPois}
rPois    +         Spirit   .   (no helmet)
rElec    .         Reflect  .   g - +1 cloak (curse)
rCorr    +         Harm     .   k - +2 pair of gloves
MR       .....                  (no barding)
Stlth    ..........             (no amulet)
HPRegen  0.22/turn              x - ring of resist corrosion
MPRegen  0.14/turn              j - ring of protection from cold

@: studying Staves, very heavily drained, very quick
A: large, hooves 3, deformed body, speed 2, tough skin 3
a: Depart the Abyss, Bend Space, Banish, Renounce Religion


You were on level 7 of the Dungeon.
You worshipped Lugonu.
Lugonu was most pleased with you.
You were near starving.

You visited 1 branch of the dungeon, and saw 8 of its levels.
You visited the Abyss 1 time.

You collected 337 gold pieces.

Inventory:

Hand Weapons
 a - a +1 hand axe of chopping
 s - a +1 hand axe of flaming (weapon)
Missiles
 h - 8 javelins (quivered)
Armour
 g - a cursed +1 cloak (worn)
 k - a +2 pair of gloves (worn)
 p - a +0 buckler (worn)
 t - a +1 scale mail of poison resistance (worn)
Jewellery
 j - a ring of protection from cold (right hand)
 n - an uncursed ring of poison resistance
 x - a ring of resist corrosion (left hand)
Wands
 i - a wand of enslavement (21)
 q - a wand of flame (18)
 w - a wand of digging (6)
Scrolls
 e - 3 scrolls of fear
 f - 2 scrolls of remove curse
 l - 2 scrolls of identify
 r - 2 scrolls of teleportation
 u - a scroll of fog
 v - a scroll of enchant weapon
Potions
 b - 2 potions of magic
 m - 4 potions of curing {unknown}
 o - a potion of invisibility {unknown}
Books
 d - a manual of Staves
Comestibles
 c - 9 rations


   Skills:
 + Level 5.5(1.7) Fighting
 + Level 5.7(1.9) Axes
 + Level 3.6(0.1) Throwing
 * Level 5.8(2.0) Armour
 * Level 4.6(1.0) Dodging
 + Level 0.4(0.0) Shields
 * Level 7.4(3.4) Invocations
 + Level 3.0(0.0) Evocations


You had 8 spell levels left.
You didn't know any spells.
Your spell library was empty.

Dungeon Overview and Level Annotations

Branches:
Dungeon (8/15)
 Temple: D:4-7         Lair: D:8-11

Altars:

Shops:
D:7 :(


Innate Abilities, Weirdness & Mutations

You have hooves in place of feet.
Armour fits poorly on your strangely shaped body.
You cover ground very quickly.
You have extremely tough skin. (AC +3)


Message History

Things that are here:
a +4 great sword of freezing; a +0 robe Unknown command.
You hit the wight. You burn the wight. You kick the wight, but do no damage.
The wight is heavily damaged.
You closely miss the wight. The wight hits you with a +0 falchion.
You feel drained.
* * * LOW HITPOINT WARNING * * *
You block the wight's attack. The wight hits you with a +0 falchion.
* * * LOW HITPOINT WARNING * * *
You feel drained.
You hit the wight. You burn the wight.
The wight is severely damaged.
You hit the wight. You burn the wight.
The wight hits you with a +0 great sword!
* * * LOW HITPOINT WARNING * * *
You feel drained.
* * * LOW HITPOINT WARNING * * *
The wight hits you with a +0 falchion!
You die...

...######.[...........##
#.... ....##
#..............# ##...
.....# #..............#
#... .....##
##.............# ....
......## #............##
...โ‰ˆ .......#
##...........# ..โ‰ˆ
.......## #..........##
....โ‰ˆ ........#
##.....z...# ......
.....)..## ##...@z..##
z.....# .........#
#.......# ....
......รท..## ##......##
.)... ..........#
##...#..##...z..
..........#
######.....z..#
..........# ##..#...## #
......>...# #.## ## ##
............# ### ##.
........###.# ##..


You could see 2 wights.

Vanquished Creatures
  Sigmund (D:2)
  An ice beast (D:5)
  A sky beast (D:5)
  3 ogres
  A black bear (D:6)
  3 centaurs
  3 bullfrogs (D:6)
  2 scorpions
  A wight (D:7)
  A howler monkey (D:4)
  An electric eel (D:7)
  2 crimson imps
  A bullfrog zombie (D:5)
  A jelly (D:6)
  2 orc priests
  8 orc wizards
  Jessica (D:2)
  Crazy Yiuf (D:2)
  3 iguanas
  5 worker ants
  A worker ant zombie (D:6)
  7 gnolls
  8 adders
  2 oozes
  An adder skeleton (D:7)
  5 worms
  3 dart slugs
  7 leopard geckos
  16 orcs
  8 bats
  4 giant cockroaches
  13 goblins
  5 hobgoblins
  5 jackals
  10 kobolds
  5 quokkas
  A ball python (D:2)
  4 frilled lizards
  A jackal skeleton (D:4)
  A leopard gecko skeleton (D:4)
  A quokka zombie (D:6)
  6 rats
156 creatures vanquished.

Vanquished Creatures (others)
  An orc warrior (D:7)
  A crimson imp (D:6)
2 creatures vanquished.

Grand Total: 158 creatures vanquished

Notes
Turn   | Place    | Note
-------+----------+-------------------------------------------
     0 | Abyss:1  | Gargoyl the Centaur Abyssal Knight began the quest for the
                  | Orb.
     0 | Abyss:1  | Reached XP level 1. HP: 19/19 MP: 2/2
     0 | Abyss:1  | Noticed an ancient zyme
     0 | Abyss:1  | Noticed a bone dragon
     0 | Abyss:1  | Noticed an eye of devastation
     0 | Abyss:1  | Noticed a small abomination
    95 | Abyss:1  | Noticed an orange demon
   111 | Abyss:1  | Noticed an earth elemental
   116 | Abyss:1  | Noticed a large abomination
   142 | Abyss:1  | Noticed a thrashing horror
   144 | D:1      | Escaped the Abyss
   281 | D:1      | Reached * piety under Lugonu
   297 | D:1      | Reached XP level 2. HP: 22/26 MP: 3/3
   390 | D:1      | Reached skill level 1 in Dodging
   595 | D:1      | You fall through a shaft!
   641 | D:2      | Noticed Jessica
   661 | D:2      | Killed Jessica
   661 | D:2      | Reached XP level 3. HP: 13/31 MP: 4/4
  1029 | D:2      | Reached XP level 4. HP: 38/38 MP: 5/5
  1141 | D:2      | Found a runed translucent door.
  1142 | D:2      | Noticed Crazy Yiuf
  1174 | D:2      | Noticed Sigmund
  1281 | D:2      | Reached skill level 5 in Fighting
  1281 | D:2      | Reached skill level 6 in Invocations
  1281 | D:2      | Reached XP level 5. HP: 48/48 MP: 5/9
  1823 | D:2      | Reached ** piety under Lugonu
  1847 | D:2      | Killed Sigmund
  1847 | D:2      | Reached XP level 6. HP: 43/56 MP: 10/10
  2173 | D:2      | Killed Crazy Yiuf
  3602 | D:4      | Reached XP level 7. HP: 58/61 MP: 11/11
  4404 | D:5      | Entered Level 5 of the Dungeon
  4432 | D:5      | Reached *** piety under Lugonu
  4432 | D:5      | Reached skill level 5 in Armour
  4957 | D:5      | Reached XP level 8. HP: 62/68 MP: 12/12
  5034 | D:5      | Reached skill level 5 in Axes
  5819 | D:6      | Reached skill level 7 in Invocations
  6674 | D:7      | Found Deanaesui's Antique Weapon Emporium.
  7463 | D:7      | Reached XP level 9. HP: 42/74 MP: 14/14
  8138 | D:7      | Found Lythrula's Book Boutique.
  8406 | D:7      | HP: 3/74 [wight/+0 great sword (5)]
  8406 | D:7      | Slain by a wight

Skill      XL: |  1  2  3  4  5  6  7  8 |
---------------+-------------------------+-----
Dodging        | 1 4 |  4.6
Axes           | 2 4 5 |  5.7
Armour         | 2 4 5 |  5.8
Fighting       | 5 |  5.5
Throwing       | 3 |  3.6
Invocations    | 6 7 |  7.4
Evocations     | 3 |  3.0
Shields        | |  0.4

Action                   |  1- 3 |  4- 6 |  7- 9 || total
-------------------------+-------+-------+-------++-------
Melee: Hand axe          |    69 |   200 |   395 ||   664
       Kick              |     5 |    52 |   101 ||   158
Throw: Javelin           |       |       |    11 ||    11
Invok: Depart the Abyss  |     1 |       |       ||     1
       Banish            |       |       |     3 ||     3
  Use: Potion            |     1 |     3 |       ||     4
       Scroll            |       |     7 |     5 ||    12
  Eat: Chunk             |       |     6 |    10 ||    16
       Ration            |       |       |     1 ||     1
Armor: Scale mail        |    68 |    96 |   199 ||   363
Dodge: Dodged            |    44 |    85 |   144 ||   273
Block: Buckler           |       |       |    38 ||    38
